 Dungeon Crawl Stone Soup version 0.29.1-12-g30fa7ad0bf (webtiles) character file.

Game seed: 9809370847809659915

58 cowcol the Chopper (level 3, -2/33 HPs)
             Began as a Draconian Berserker on Dec 20, 2022.
             Was a Believer of Trog.
             Succumbed to a gnoll's poison
             ... on level 2 of the Dungeon.
             The game lasted 00:03:13 (924 turns).

cowcol the Chopper (Draconian Berserker)             Turns: 924, Time: 00:03:14

Health: -2/33      AC:  9    Str: 21    XL:     3   Next: 76%
Magic:  3/3        EV: 12    Int:  7    God:    Trog [**....]
Gold:   50         SH:  0    Dex: 10    Spells: 2/2 levels left

rFire   . . .      SeeInvis .   a - +0 hand axe
rCold   . . .      Faith    .   (no shield)
rNeg    . . .      Spirit   .   (body armour unavailable)
rPois   .          Reflect  .   (helmet restricted)
rElec   .          Harm     .   (no cloak)
rCorr   .          Rampage  .   (no gloves)
Will    .....                   (no boots)
Stlth   +.........              (no amulet)
HPRegen 0.11/turn               c - +4 ring of protection
MPRegen 0.08/turn               (no ring)

@: lethally poisoned (-2 -> -12), on berserk cooldown, slowed, very slow
A: AC +5, unfitting armour, cold-blooded
a: Renounce Religion, Berserk, Trog's Hand


You were on level 2 of the Dungeon.
You worshipped Trog.
Trog was pleased with you.
You visited 1 branch of the dungeon, and saw 2 of its levels.

You collected 50 gold pieces.

Inventory:

Hand Weapons
 a - a +0 hand axe (weapon)
 e - a +0 whip
 g - a +0 dagger
 h - a +0 short sword
 j - a +0 rapier
Jewellery
 c - a +4 ring of protection (left hand)
Scrolls
 i - a scroll of amnesia
 l - 3 scrolls of teleportation
Potions
 d - a potion of heal wounds {unknown}
 f - 4 potions of curing {unknown}


   Skills:
 + Level 3.8 Fighting
 * Level 0.2 Short Blades
 + Level 4.0 Axes
 + Level 3.1 Dodging


You had 2 spell levels left.
You didn't know any spells.
Your spell library was empty.

Dungeon Overview and Level Annotations

Branches:
Dungeon (2/15)

Altars:


Innate Abilities, Weirdness & Mutations

Your plain brown scales are hard. (AC +5)
You cannot fit into any form of body armour.
You are cold-blooded and may be slowed by cold attacks.


Message History

The gnoll hits you but does no damage.
You struggle against the net.
You feel a strong urge to attack something.
You shred the net and break free! The gnoll barely misses you.
You feel your anger nearly subside. The gnoll barely misses you.
The gnoll hits you with a +2 halberd of venom.
You are poisoned.
You completely miss the gnoll. You hit the gnoll.
You feel sick.
You closely miss the gnoll. You slash the gnoll!
You kill the gnoll!
Trog accepts your kill.
You feel sick. The gnoll misses you.
You completely miss the gnoll.
You are no longer berserk.
You are exhausted.
You feel yourself slow down.
You feel sick.
The gnoll hits you with a +2 halberd of venom.
You are more poisoned.
You hit the gnoll.
The gnoll is heavily wounded.
You feel very sick. The gnoll closely misses you.
You hit the gnoll.
The gnoll is almost dead.
You feel very sick.
The gnoll hits you with a +2 halberd of venom.
You are lethally poisoned!
The gnoll barely misses you.
You hit the gnoll.
You kill the gnoll!
Trog accepts your kill.
* * * LOW HITPOINT WARNING * * *
You feel extremely sick.
Your Axes skill increases to level 4!
* * * LOW HITPOINT WARNING * * *
You feel very sick.
A goblin comes into view. It is wielding a +0 club.
You see here a +2 halberd of venom.
You die...

#.# #.# #.# #
#####.#######
#.#...........# ##
#....#.######.#
..#######.#.# .
..#.)..#.######
#.#.#...)@......#
##.#.#)####.###.g.
#......# #.#
#....### #.#
#....# #.# #...#..
.# #.###..# .. #
#..# #. #..#


You could see a goblin (wandering).

Vanquished Creatures
  An adder (D:2)
  2 gnolls (D:2)
  2 ball pythons (D:1)
  5 bats
  2 endoplasms (D:1)
  2 giant cockroaches (D:1)
  A goblin (D:2)
  3 hobgoblins (D:1)
  A kobold (D:1)
  2 quokkas (D:1)
  2 frilled lizards (D:1)
  5 rats
28 creatures vanquished.

Vanquished Creatures (others)
  2 fungi (D:1)
  2 plants (D:1)
4 creatures vanquished.

Grand Total: 32 creatures vanquished

Notes
Turn   | Place    | Note
-------+----------+-------------------------------------------
     0 | D:1      | cowcol the Draconian Berserker began the quest for the Orb.
     0 | D:1      | Reached XP level 1. HP: 19/19 MP: 1/1
   221 | D:1      | Reached XP level 2. HP: 26/26 MP: 2/2
   498 | D:1      | Found a faded altar of an unknown god.
   856 | D:2      | Reached XP level 3. HP: 33/33 MP: 3/3
   901 | D:2      | Reached ** piety under Trog
   923 | D:2      | Reached skill level 4 in Axes
   924 | D:2      | Succumbed to a gnoll's poison

Illustrated notes

Levels and vault maps discovered:
D:1:      mrwooster_arrival_arrow, layout_basic,
          shapermc_ecumenical_altar_ellora
D:2:      cheibrodos_greedy_goblins, layout_loops_ring

Skill      XL: |  1  2  3 |
---------------+----------+-----
Dodging        | 3 |  3.1
Axes           | 4 |  4.0
Fighting       | |  3.8
Short Blades   | |  0.2

Action                   || total
-------------------------++-------
Melee: Hand axe          ||   103
       Tailslap          ||     6
       Punch             ||     1
Throw: Stone             ||     8
Invok: Berserk           ||     1
  Use: Scroll            ||     2
Armor: Skin              ||    38
Dodge: Dodged            ||    91
